 Dungeon Crawl Stone Soup version 0.21.1-1-g345015f (webtiles) character file.

140 pk666 the Magician (level 5, -1/28 HPs)
             Began as a Deep Elf Wizard on Feb 13, 2018.
             Slain by a howler monkey (4 damage)
             ... on level 4 of the Dungeon.
             The game lasted 00:07:08 (3413 turns).

pk666 the Magician (Deep Elf Wizard)                Turns: 3413, Time: 00:07:08

Health: -1/28      AC:  2    Str:  4    XL:     5   Next: 2%
Magic:  0/14       EV: 13    Int: 24    God:
Gold:   101        SH:  0    Dex: 13    Spells: 5/14 levels left

rFire    . . .     SeeInvis .   h - +0 dagger
rCold    . . .     Gourm    .   (no shield)
rNeg     . . .     Faith    .   f - +0 robe
rPois    .         Spirit   .   b - +0 hat
rElec    .         Reflect  .   (no cloak)
rCorr    .         Harm     .   (no gloves)
MR       +....                  (no boots)
Stlth    ++........             (no amulet)
HPRegen  0.09/turn              i - ring of protection from magic
MPRegen  0.14/turn              (no ring)

@: very slightly contaminated
A: no striking features
a: no special abilities


You were on level 4 of the Dungeon.
You were not hungry.

You visited 1 branch of the dungeon, and saw 4 of its levels.

You collected 101 gold pieces.

Inventory:

Hand Weapons
 h - a +0 dagger (weapon)
Armour
 a - a +0 robe
 b - a +0 hat (worn)
 f - a +0 robe (worn)
Jewellery
 i - a ring of protection from magic (left hand)
Scrolls
 e - 2 scrolls of fear {unknown}
 g - 5 scrolls of identify {unknown}
 k - a scroll of amnesia {unknown}
 m - a scroll of remove curse {unknown}
 p - 2 scrolls of enchant armour {unknown}
Potions
 l - a potion of magic {unknown}
 n - a potion of flight {unknown}
 o - a potion of mutation {unknown}
Books
 c - a book of Minor Magic

   Spells                             Type                      Level
   a - Magic Dart                     Conjuration                  1
   b - Blink                          Translocation                2
   c - Call Imp                       Summoning                    2
   d - Slow                           Hexes                        2
   e - Conjure Flame                  Conjuration/Fire             3
   f - Mephitic Cloud                 Conjuration/Poison/Air       3
Comestibles
 d - 7 rations


   Skills:
 + Level 1.3 Short Blades
 + Level 3.4 Dodging
 - Level 2.4 Stealth
 + Level 5.2 Spellcasting
 + Level 2.2 Conjurations
   Level 1.1 Summonings
 - Level 1.1 Translocations
 * Level 1.5 Fire Magic
 * Level 1.2 Air Magic
 * Level 1.4 Poison Magic


You had 5 spell levels left.
You knew the following spells:

 Your Spells              Type           Power        Failure   Level  Hunger
a - Magic Dart            Conj           ###.         3%          1    None
b - Blink                 Tloc           N/A          9%          2    None
d - Conjure Flame         Conj/Fire      ###.....     12%         3    ##.....
z - Mephitic Cloud        Conj/Pois/Air  ##......     13%         3    ##.....


Dungeon Overview and Level Annotations

Branches:
Dungeon (4/15)
 Temple: D:4-7

Altars:
Elyvilon
Nemelex Xobeh

Annotations:
D:4 Edmund


Message History

You miscast Magic Dart.
Wisps of smoke drift from your hands. The howler monkey hits you!
* * * LOW HITPOINT WARNING * * *
A worker ant comes into view.
There are monsters nearby!
There are monsters nearby!
You hit the howler monkey.
The howler monkey is moderately wounded.
The worker ant bites you but does no damage.
The howler monkey misses you.
You closely miss the howler monkey.
The howler monkey is moderately wounded.
The worker ant bites you.
* * * LOW HITPOINT WARNING * * *
The howler monkey barely misses you.
You hit the howler monkey but do no damage.
The howler monkey is moderately wounded.
The worker ant bites you but does no damage.
The howler monkey hits you.
You die...

##### #
#...###.#####
#...h@a.....#
#...###.###!#
##.## ..
..#####.####
##
#......@...#
...####.##.#
##.##.#
#..##.#
#.###.#


You could see a howler monkey and a worker ant.

Vanquished Creatures
  A centaur skeleton (D:2)
  A worker ant (D:4)
  An adder (D:2)
  An ooze (D:2)
  4 worms
  4 dart slugs (D:1)
  3 leopard geckos
  An orc (D:3)
  2 giant cockroaches (D:2)
  6 hobgoblins
  2 jackals (D:2)
  A quokka (D:3)
  A ball python (D:2)
  8 bats
  3 frilled lizards
  7 goblins
  3 kobolds (D:2)
  7 rats
56 creatures vanquished.

Notes
Turn   | Place    | Note
-------+----------+-------------------------------------------
     0 | D:1      | pk666 the Deep Elf Wizard began the quest for the Orb.
     0 | D:1      | Reached XP level 1. HP: 10/10 MP: 7/7
   341 | D:1      | Reached XP level 2. HP: 13/15 MP: 3/9
  1261 | D:2      | Reached XP level 3. HP: 19/19 MP: 9/11
  1265 | D:2      | Learned a level 2 spell: Blink
  1269 | D:2      | Learned a level 3 spell: Mephitic Cloud
  1273 | D:2      | Learned a level 3 spell: Conjure Flame
  1351 | D:2      | Found a sparkling altar of Nemelex Xobeh.
  1393 | D:2      | Reached skill level 1 in Short Blades
  1393 | D:2      | Reached skill level 5 in Spellcasting
  1540 | D:2      | Reached XP level 4. HP: 24/24 MP: 5/13
  1666 | D:2      | Reached skill level 1 in Poison Magic
  1903 | D:2      | Reached skill level 1 in Fire Magic
  2010 | D:2      | Found a white marble altar of Elyvilon.
  2019 | D:2      | Reached skill level 1 in Air Magic
  3210 | D:4      | Reached XP level 5. HP: 14/28 MP: 5/14
  3388 | D:4      | Noticed Edmund
  3413 | D:4      | Slain by a howler monkey

Skill      XL: |  1  2  3  4 |
---------------+-------------+-----
Dodging        | 3 |  3.4
Short Blades   | 1 |  1.3
Spellcasting   | 5 |  5.2
Conjurations   | 2 |  2.2
Poison Magic   | 1 |  1.4
Fire Magic     | 1 |  1.5
Air Magic      | 1 |  1.2
Stealth        | |  2.4
Summonings     | |  1.1
Translocations | |  1.1

Action                   |  1- 3 |  4- 6 || total
-------------------------+-------+-------++-------
Melee: Dagger            |       |    15 ||    15
 Cast: Magic Dart        |    77 |   101 ||   178
       Conjure Flame     |       |     1 ||     1
       Mephitic Cloud    |       |     1 ||     1
       Blink             |       |     1 ||     1
  Eat: Chunk             |     2 |     5 ||     7
Armor: Robe              |     2 |     4 ||     6
Dodge: Dodged            |    10 |    21 ||    31
